 Dungeon Sprint DCSS version 0.21.1-1-g345015f (webtiles) character file.

3491 Fang the Fighter (level 9, -5/144 HPs)
             Began as a Minotaur Berserker on June 6, 2018.
             Was a High Priest of Trog.
             Slain by a spriggan rider
             ... wielding a +0 spear
              (16 damage)
             ... in the Dungeon (Sprint V: "Ziggurat Sprint").
             The game lasted 00:02:43 (347 turns).

Fang the Fighter (Minotaur Berserker)                Turns: 347, Time: 00:02:44

Health: -5/144     AC: 12    Str: 39    XL:     9   Next: 80%
Magic:  2/2        EV: 15    Int:  4    God:    Trog [*****.]
Gold:   0          SH:  0    Dex: 11    Spells: 8/8 levels left

rFire    + + .     SeeInvis +   j - +6 war axe (antimagic)
rCold    x . .     Gourm    .   (no shield)
rNeg     . . .     Faith    .   D - +2 fire dragon scales "Jidduega" {*Contam rElec rF++ rC- rCorr Slay-3}
rPois    .         Spirit   .   (helmet restricted)
rElec    +         Reflect  .   (no cloak)
rCorr    +         Harm     .   (no gloves)
MR       .....     NoTele   +   (no boots)
Stlth    ..........             A - amulet of Wokock {+Rage +Inv Str+4 SInv}
HPRegen  0.34/turn              F - ring of flight
MPRegen  0.08/turn              E - +6 ring of strength

@: berserking (expiring), very quick
A: retaliatory headbutt, horns 2
a: Berserk, Trog's Hand, Brothers in Arms, Burn Spellbooks, Renounce Religion,
Evoke Berserk Rage, Evoke Invisibility, Evoke Flight


You were in the Dungeon.
You worshipped Trog.
Trog was extremely pleased with you.
You were hungry.

You visited 1 branch

Inventory:

Hand Weapons
 j - a +6 antimagic war axe (weapon)
 k - a +5 executioner's axe
 G - a +5 demon trident
Armour
 D - the +2 fire dragon scales "Jidduega" (worn) {*Contam rElec rF++ rC- rCorr Slay-3}
   (You found it in the Dungeon)

   It affects your accuracy and damage with ranged weapons and melee attacks
   (-3).
   It greatly protects you from fire.
   It makes you vulnerable to cold.
   It insulates you from electricity.
   It causes magical contamination when unequipped.
   It protects you from acid and corrosion.
Jewellery
 b - an uncursed ring of protection from magic
 A - the amulet of Wokock (around neck) {+Rage +Inv Str+4 SInv}
   (You found it in the Dungeon)

   [amulet of rage]

   It affects your strength (+4).
   It lets you see invisible.
   It lets you turn invisible.
   It lets you go berserk.
 C - an uncursed ring of fire
 E - a +6 ring of strength (right hand)
 F - a ring of flight (left hand)
Wands
 w - a wand of disintegration (7)
 x - a wand of iceblast (7)
 y - a wand of acid (7)
Scrolls
 i - 4 scrolls of blinking
 l - 7 scrolls of fog
 m - a scroll of holy word
 n - 5 scrolls of identify
 o - 5 scrolls of remove curse
 p - 2 scrolls of fear
 z - 4 scrolls of enchant weapon
 B - 4 scrolls of enchant armour
Potions
 d - 10 potions of curing
 e - 10 potions of heal wounds
 f - 6 potions of haste
 g - 7 potions of magic
 h - 3 potions of berserk rage
 q - 2 potions of brilliance
 r - 2 potions of invisibility
 s - 4 potions of resistance
 u - 5 potions of agility
 v - 5 potions of might
Miscellaneous
 t - a sack of spiders
Comestibles
 a - 6 chunks of flesh
 c - 7 rations


   Skills:
 + Level 14.9 Fighting
 + Level 14.5(15.5) Axes
 + Level 10.1(13.5) Polearms
 + Level 8.0 Armour
 + Level 8.6 Dodging
 + Level 3.0 Stealth


You had 8 spell levels left.
You didn't know any spells.

Dungeon Overview and Level Annotations

Branches:
Dungeon (1/1)

Altars:
Ashenzari
Cheibriados
Dithmenos
Elyvilon
Fedhas
Gozag
Hepliaklqana
Kikubaaqudgha
Makhleb
Nemelex Xobeh
Okawaru
Qazlal
Ru
Sif Muna
Trog
Uskayaw
Vehumet
Wu Jian
Xom
Yredelemnul
Zin
The Shining One
Beogh
Jiyva
Lugonu

Annotations:
D 1 transporter


Innate Abilities, Weirdness & Mutations

You reflexively headbutt those who attack you in melee.
You have a pair of horns on your head.


Message History

You closely miss the black bear.
The black bear is almost dead.
You slash the spriggan rider! You slice the black bear!!
You kill the black bear!
Trog accepts your kill.
Your base Polearms skill increases to level 10!
The spriggan rider hits you but does no damage.
The spriggan rider hits you with a vampiric spear!!
* * * LOW HITPOINT WARNING * * *
The spriggan rider draws strength from your wounds!
You slash the black bear!
You kill the black bear!
Trog accepts your kill.
Your Armour skill increases to level 8!
You slash the spriggan rider!
Unknown command.
The spriggan rider hits you with a vampiric spear.
* * * LOW HITPOINT WARNING * * *
The spriggan rider hits you with a spear!
You die...

▓...©....▓...©....▓
▓▓▓▓▓▓▓▓▓▓▓▓▓▓▓▓▓▓▓
▓..8©8..▓ ▓..))|..▓
▓..=:"..▓ ▓.......▓
▓.......▓ ▓...ii..▓
▓..)@...▓ ▓.▓...▓.▓
▓...©...▓ ▓▓▓▓▓▓▓▓▓


You could see 2 spriggan riders.

Vanquished Creatures
  2 deep elf magi (D)
  A hornet (D)
  4 spriggans (D)
  A fire elemental (D)
  3 hell hounds (D)
  4 black bears (D)
  2 quasits (D)
  2 iron imps (D)
  A shadow imp (D)
  A white imp (D)
  A bat zombie (D)
  A fire vortex (D)
23 creatures vanquished.

Notes
Turn   | Place    | Note
-------+----------+-------------------------------------------
     0 | D        | Found the +6 Majin-Bo {vamp, Archmagi MP+6 Int+6}
     0 | D        | Found the +7 great mace "Firestarter" {inner flame, rF++}
     0 | D        | Fang the Minotaur Berserker began the quest for the Orb.
     0 | D        | Reached XP level 1. HP: 19/19 MP: 0/0
     3 | D        | Found a blossoming altar of Fedhas.
     4 | D        | Found a viscous altar of Jiyva.
     4 | D        | Found a hazy altar of Hepliaklqana.
     4 | D        | Found a transporter.
     4 | D        | Found an opulent altar of Gozag.
     4 | D        | Found an ancient bone altar of Kikubaaqudgha.
     4 | D        | Found a corrupted altar of Lugonu.
     8 | D        | Found a burning altar of Makhleb.
     9 | D        | Found a sacrificial altar of Ru.
     9 | D        | Found a stormy altar of Qazlal.
     9 | D        | Found a deep blue altar of Sif Muna.
     9 | D        | Found an iron altar of Okawaru.
     9 | D        | Found a bloodstained altar of Trog.
     9 | D        | Found a sparkling altar of Nemelex Xobeh.
    97 | D        | Entered arena 2.
    97 | D        | Noticed a deep elf mage
    97 | D        | Noticed a deep elf mage
    97 | D        | Found a transporter.
   100 | D        | Noticed a sixfirhy
   102 | D        | Killed a deep elf mage
   102 | D        | Reached skill level 10 in Fighting
   102 | D        | Reached skill level 10 in Axes
   102 | D        | Reached skill level 5 in Armour
   102 | D        | Reached skill level 5 in Dodging
   102 | D        | Reached XP level 2. HP: 39/39 MP: 1/1
   102 | D        | Reached XP level 3. HP: 46/46 MP: 2/2
   102 | D        | Reached XP level 4. HP: 53/53 MP: 3/3
   102 | D        | Reached XP level 5. HP: 59/59 MP: 4/4
   102 | D        | Reached XP level 6. HP: 67/67 MP: 5/5
   106 | D        | Noticed a smoke demon
   107 | D        | Killed a deep elf mage
   107 | D        | Reached ** piety under Trog
   107 | D        | Reached XP level 7. HP: 77/77 MP: 6/6
   147 | D        | Entered arena 3.
   147 | D        | Noticed a fire elemental
   147 | D        | Found a transporter.
   150 | D        | Killed a fire elemental
   150 | D        | Reached skill level 5 in Polearms
   157 | D        | Reached *** piety under Trog
   157 | D        | Reached XP level 8. HP: 85/85 MP: 7/7
   190 | D        | Reached XP level 9. HP: 93/93 MP: 8/8
   192 | D        | Entered arena 4.
   192 | D        | Found a transporter.
   255 | D        | Entered arena 5.
   255 | D        | Found a transporter.
   260 | D        | Reached **** piety under Trog
   273 | D        | Got the amulet of Wokock {+Rage +Inv Str+4 SInv}
   281 | D        | Entered arena 6.
   281 | D        | Found a transporter.
   283 | D        | Reached ***** piety under Trog
   288 | D        | Received a gift from Trog
   303 | D        | Got the +2 fire dragon scales "Jidduega" {*Contam rElec rF++ rC- rCorr Slay-3}
   332 | D        | Entered arena 7.
   332 | D        | Noticed a spriggan rider
   332 | D        | Noticed a spriggan rider
   332 | D        | Noticed a spriggan rider
   334 | D        | Found a transporter.
   345 | D        | Reached skill level 10 in Polearms
   347 | D        | Slain by a spriggan rider

Skill      XL: |  1  2  3  4  5  6  7  8  9 |
---------------+----------------------------+-----
Fighting       | 10 12 13 14 | 14.9
Axes           | 10 12 13 14 | 14.5
Polearms       | 3 4 5 6 10 | 10.1
Armour         | 5 6 8 |  8.0
Dodging        | 5 6 7 8 |  8.6
Stealth        | 3 |  3.0

Action                   |  1- 3 |  4- 6 |  7- 9 || total
-------------------------+-------+-------+-------++-------
Melee: Demon trident     |     4 |     5 |    46 ||    55
       Headbutt          |       |       |     9 ||     9
       War axe           |       |       |    10 ||    10
Invok: Berserk           |     1 |       |     2 ||     3
  Use: Potion            |       |       |     1 ||     1
Armor: Shadow dragon sca |       |     2 |    44 ||    46
       Fire dragon scale |       |       |     9 ||     9
Dodge: Dodged            |     1 |     4 |    49 ||    54
